 Dungeon Crawl Stone Soup version 0.25.1-2-g60ff931df9 (webtiles) character file.

Game seed: 6401734002411949345

1003 Descartes the Covert (level 8, -3/36 HPs)
             Began as a Spriggan Wizard on July 29, 2020.
             Was an Initiate of Gozag.
             Slain by a centaur (8 damage)
             ... on level 6 of the Dungeon.
             The game lasted 00:22:11 (11019 turns).

Descartes the Covert (Spriggan Wizard)             Turns: 11019, Time: 00:22:12

Health: -3/36      AC:  4    Str:  4    XL:     8   Next: 0%
Magic:  0/15       EV: 15    Int: 20    God:    Gozag
Gold:   567        SH:  0    Dex: 15    Spells: 6/15 levels left

rFire    . . .     SeeInvis +   a - +0 dagger (flame)
rCold    . . .     Gourm    .   (shield restricted)
rNeg     . . .     Faith    .   f - +0 robe
rPois    .         Spirit   +   u - +2 hat
rElec    .         Reflect  .   (no cloak)
rCorr    .         Harm     .   (gloves unavailable)
MR       +....                  (boots unavailable)
Stlth    +++.......             s - amulet of guardian spirit
HPRegen  0.12/turn              (no ring)
MPRegen  0.14/turn              (no ring)

@: very heavily drained, very quick
A: very small, unfitting armour, see invisible, herbivore, speed 3, slow
metabolism 2
a: Potion Petition, Call Merchant, Bribe Branch, Renounce Religion


You were on level 6 of the Dungeon.
You worshipped Gozag.
Gozag was pleased with you.
You were very hungry.

You visited 1 branch of the dungeon, and saw 6 of its levels.

You collected 599 gold pieces.
You paid 32 gold pieces to Gozag.

Inventory:

Hand Weapons
 a - a +0 dagger of flaming (weapon)
 b - a +3 dagger of speed
Missiles
 c - 253 stones
 e - 83 bolts
 i - 94 arrows
 m - 3 curare-tipped darts
 q - 16 poisoned darts (quivered)
 t - 5 atropa-tipped darts
 w - 24 sling bullets
Armour
 f - a +0 robe (worn)
 u - a +2 hat (worn)
Jewellery
 s - an amulet of guardian spirit (around neck)
Scrolls
 g - a scroll of magic mapping
 h - 2 scrolls of remove curse
 k - a scroll of immolation
 n - a scroll of amnesia
 p - a scroll of blinking
 r - 3 scrolls of teleportation
Potions
 j - a potion of invisibility
 l - a potion of curing
 o - a potion of might
 v - a potion of stabbing
Comestibles
 d - 6 rations


   Skills:
 - Level 3.0(0.0) Dodging
 + Level 8.3(4.9) Stealth
 - Level 4.0(0.9) Spellcasting
 - Level 4.0(0.9) Conjurations
   Level 0.7(0.0) Summonings
 - Level 4.0(0.9) Translocations
 + Level 3.9(0.9) Fire Magic


You had 6 spell levels left.
You knew the following spells:

 Your Spells              Type           Power        Failure   Level  Hunger
a - Magic Dart            Conj           #...         12%         1    ##.....
b - Blink                 Tloc           N/A          19%         2    ###....
c - Conjure Flame         Conj/Fire      #.......     36%         3    ####...
d - Mephitic Cloud        Conj/Pois/Air  #.......     43%         3    ####...

Your spell library contained the following spells:

 Spells                   Type           Power        Failure   Level  Hunger
 Call Imp                 Summ           #.......     26%         2    ###....
 Slow                     Hex            #.......     26%         2    ###....


Dungeon Overview and Level Annotations

Branches:
Dungeon (6/15)             Temple (0/1) D:5

Altars:
Gozag
Nemelex Xobeh
Qazlal
Wu Jian
Zin
The Shining One


Innate Abilities, Weirdness & Mutations

You are very small and have problems with some larger weapons.
You are too small for most types of armour.
You have supernaturally acute eyesight. (SInv)
You are a herbivore.
You cover ground extremely quickly.
You need to consume almost no food.


Message History

You can't see any item there.
Okay, then.
Throwing (i - inventory. (/) - cycle)
q - 17 poisoned darts (quivered)
Press: ? - help, Shift-Dir - straight line, f/p - centaur
Aim: a centaur, wielding a +0 shortbow and quivering 20 arrows (heavily wounded)
You throw a poisoned dart. The poisoned dart hits the centaur.
The centaur is heavily wounded.
The centaur shoots an arrow.
The arrow hits you.
* * * LOW HITPOINT WARNING * * *
The centaur shoots an arrow.
The arrow closely misses you.
You hit the centaur but do no damage.
The centaur is heavily wounded.
The centaur unwields a +0 shortbow.
The centaur hits you.
* * * LOW HITPOINT WARNING * * *
The centaur barely misses you.
You hit the centaur but do no damage.
The centaur is heavily wounded.
The centaur hits you!
You die...
Your body crumbles into a pile of gold.

#.########(#
.. #c# #.#
#.# #.# #.#
#$#
#########.#
#(.(.@c(..#
#.#########
#.# #######
#.# ....$.#
#.# #c# #.#
#.# #.#
#.######h#
#..ch....#


You could see a centaur.

Vanquished Creatures
  Sigmund (D:5)
  Eustachio (D:4)
  Duvessa (D:5)
  3 ogres
  Dowan (D:5)
  A scorpion (D:4)
  A howler monkey (D:6)
  A worker ant (D:4)
  Robin (D:3)
  4 adders
  2 worms (D:2)
  2 dart slugs (D:1)
  5 leopard geckos
  8 orcs
  2 ball pythons (D:3)
  8 bats
  3 giant cockroaches
  23 goblins
  13 hobgoblins
  3 jackals (D:3)
  4 quokkas
  5 frilled lizards
  A giant cockroach zombie (D:6)
  8 kobolds
  6 rats
108 creatures vanquished.

Notes
Turn   | Place    | Note
-------+----------+-------------------------------------------
     0 | D:1      | Descartes the Spriggan Wizard began the quest for the Orb.
     0 | D:1      | Reached XP level 1. HP: 9/9 MP: 6/6
   102 | D:1      | Reached skill level 1 in Conjurations
   518 | D:1      | Reached XP level 2. HP: 12/13 MP: 5/8
  1496 | D:1      | Reached XP level 3. HP: 8/16 MP: 2/9
  2709 | D:3      | Reached XP level 4. HP: 21/21 MP: 0/11
  3011 | D:3      | Found a glowing golden altar of the Shining One.
  3047 | D:3      | Found a sparkling altar of Nemelex Xobeh.
  3048 | D:3      | Found an opulent altar of Gozag.
  3058 | D:3      | Became a worshipper of Gozag Ym Sagoz the Greedy
  3172 | D:3      | Found a stormy altar of Qazlal.
  4023 | D:3      | Noticed Robin
  4204 | D:3      | Killed Robin
  4204 | D:3      | Reached XP level 5. HP: 24/24 MP: 3/12
  4466 | D:3      | Found an ornate altar of the Wu Jian Council.
  4677 | D:4      | Learned a level 2 spell: Blink
  4681 | D:4      | Learned a level 3 spell: Conjure Flame
  4685 | D:4      | Learned a level 3 spell: Mephitic Cloud
  4715 | D:4      | Noticed an ogre
  4741 | D:4      | Killed an ogre
  4929 | D:4      | Reached XP level 6. HP: 28/28 MP: 8/13
  5461 | D:4      | Reached skill level 4 in Stealth
  5461 | D:4      | Reached skill level 1 in Fire Magic
  5837 | D:5      | Entered Level 5 of the Dungeon
  5912 | D:5      | Noticed Eustachio
  7062 | D:5      | Noticed Sigmund
  7293 | D:5      | Killed Sigmund
  7293 | D:5      | Reached skill level 5 in Stealth
  7422 | D:5      | Reached skill level 6 in Stealth
  7422 | D:5      | Reached XP level 7. HP: 32/32 MP: 4/14
  7618 | D:5      | Found a staircase to the Ecumenical Temple.
  7674 | D:5      | Noticed an angel
  7675 | D:5      | Found a glowing silver altar of Zin.
  7758 | D:5      | Noticed Dowan
  7771 | D:5      | Killed Dowan
  7811 | D:5      | Noticed Duvessa
  7847 | D:5      | Killed Duvessa
  7847 | D:5      | Reached skill level 7 in Stealth
 10337 | D:4      | Killed Eustachio
 10337 | D:4      | Reached skill level 8 in Stealth
 10973 | D:6      | Reached XP level 8. HP: 34/36 MP: 1/15
 11019 | D:6      | Slain by a centaur

Illustrated notes

Levels and vault maps discovered:
D:1:      sevenhm_arrival_forest_fort_large_3, layout_basic,
          minmay_misc_feat_alley, serial_bayou_ford_a
D:2:      layout_rooms
D:3:      kennysheep_goblin_castle, layout_basic,
          grunt_temple_overflow_opulence, nicolae_overflow_hidden_temple,
          old_standard_altar, first_ration
D:4:      layout_loops_ring, minivault_27, due_unseen_surprise
D:5:      layout_basic, zin_angel, minmay_temple_entry_overgrown,
          uniq_eustachio, uniq_duvessa, uniq_sigmund
D:6:      layout_basic, okawaru_trees_2, serial_glass, glass_columns_a,
          glass_columns_b, uniq_menkaure

Skill      XL: |  1  2  3  4  5  6  7 |
---------------+----------------------+-----
Conjurations   | 1 2 3 4 |  4.0
Translocations | 4 |  4.0
Stealth        | 6 8 |  8.3
Fire Magic     | 2 3 |  3.9
Dodging        | |  3.0
Spellcasting   | |  4.0
Summonings     | |  0.7

Action                   |  1- 3 |  4- 6 |  7- 9 || total
-------------------------+-------+-------+-------++-------
Melee: Short sword       |     1 |       |       ||     1
       Dagger            |       |    30 |    48 ||    78
 Fire: Hunting sling     |       |     2 |       ||     2
Throw: Dart              |       |     5 |    67 ||    72
       Stone             |       |       |    10 ||    10
 Cast: Magic Dart        |   124 |   233 |    45 ||   402
       Blink             |       |     2 |     5 ||     7
  Use: Scroll            |       |     9 |       ||     9
       Potion            |       |     1 |       ||     1
 Stab: Sleeping          |       |     1 |       ||     1
  Eat: Ration            |       |     2 |     2 ||     4
Armor: Robe              |     8 |    23 |    62 ||    93
Dodge: Dodged            |    34 |   112 |   198 ||   344
